 Dungeon Crawl Stone Soup version 0.31.0-11-ge490571c62 (webtiles) character file.

Game seed: 10661927151345471776

192 qw the Skirmisher (level 5, 0/29 HPs)
             Began as a Deep Elf Hunter on Feb 4, 2024.
             Slain by an orc
             ... wielding a +0 falchion
              (2 damage)
             ... on level 3 of the Dungeon.
             The game lasted 00:00:10 (2492 turns).

qw the Skirmisher (Deep Elf Hunter)                 Turns: 2492, Time: 00:00:11

Health: 0/29       AC:  6    Str: 10    XL:     5   Next: 42%
Magic:  7/7        EV: 11    Int: 14    God:
Gold:   174        SH:  0    Dex: 18    Spells: 4/4 levels left

rFire   . . .        e - +0 arbalest
rCold   . . .        (shield currently unavailable)
rNeg    . . .        f - +0 ring mail
rPois   .            d - +0 helmet
rElec   .            (no cloak)
rCorr   .            (no gloves)
SInv    .            (no boots)
Will    .....        (no amulet)
Stlth   +            (no ring)
HPRegen 0.24/turn    (no ring)
MPRegen 0.10/turn

%: no passive effects
@: no status effects
A: no striking features
a: no special abilities


You were on level 3 of the Dungeon.
You visited 1 branch of the dungeon, and saw 3 of its levels.

You collected 174 gold pieces.


   Skills:
 + Level 1.5 Fighting
 - Level 9.0 Ranged Weapons
 - Level 2.4 Dodging
 - Level 1.2 Stealth


You had 4 spell levels left.
You didn't know any spells.
Your spell library was empty.

Inventory:

Hand Weapons
 e - a +0 arbalest (weapon)
Armour
 d - a +0 helmet (worn)
 f - a +0 ring mail (worn)
Scrolls
 c - a scroll of poison {unknown}
Potions
 a - a potion of curing {unknown}
 b - a potion of attraction {unknown}
 g - a potion of cancellation {unknown}
 h - a potion of brilliance {unknown}

Dungeon Overview and Level Annotations

Branches:
Dungeon (3/15)

Altars:
Nemelex Xobeh
Sif Muna
Vehumet
Wu Jian

Annotations:
D:1 2 runed translucent doors


Message History

An orc comes into view. It is wielding a +0 dagger.
An orc wizard comes into view. It is wielding a +0 dagger.
An orc comes into view. It is wielding a +0 flail.
You shoot a bolt. The orc shouts!
The orc wizard shouts!
The orc shouts!
The bolt hits the orc!
You kill the orc!
The orc wizard casts a spell at you. You resist with some effort.
An orc priest comes into view. It is wielding a +0 hand axe.
You shoot a bolt. The orc priest shouts!
The bolt hits the orc!!
You kill the orc!
The orc priest looks satisfied for a moment.
You shoot a bolt. The bolt hits the orc!!
You kill the orc!
An adder comes into view.
Your Ranged Weapons skill increases to level 9!
You shoot a bolt. The adder hisses angrily.
The bolt hits the orc but does no damage.
The orc priest begins to cast a cantrip, but forgets the words!
The orc hits you with a +0 short sword. The orc barely misses you.
You shoot a bolt. The bolt hits the orc.
The orc is moderately wounded.
The orc hits you with a +0 short sword. The orc barely misses you.
The orc hits you with a +0 falchion.
The orc priest looks braver for a moment.
The orc closely misses you. The orc hits you with a +0 falchion.
You shoot a bolt. The bolt barely misses the orc.
The orc priest calls down the wrath of Beogh upon you.
Beogh smites you! The orc closely misses you. The orc barely misses you.
The orc wizard misses you.
You shoot a bolt. The bolt hits the orc.
The orc is heavily wounded.
The orc closely misses you.
The orc priest mumbles some strange prayers to Beogh against you.
Beogh smites you! The orc hits you with a +0 falchion.
You die...

.##........ .##........
.....##### ###.......# #.........
##.......# #.........
#<.......#._.#.#.......
#........#...#.#.......
#........##.##.)S......
##..>).....#.#..#o..)...
...........#.#.%@ooo)...
##.........#.#.##o......
.........#.#'#.# .).....
#......).#.....# ....... ###
##.......####### ..).... #..
.#.......############### ####'#
.+...............# #.....
.#..####.........## #.....
##..####..........##########.....


You could see an orc priest, an orc wizard, an adder and 3 orcs.

Vanquished Creatures
  A bombardier beetle (D:3)
  Terence (D:3)
  Robin (D:3)
  2 adders
  3 ribbon worms (D:3)
  2 dart slugs
  8 orcs (D:3)
  9 endoplasms
  5 giant cockroaches
  9 goblins
  6 hobgoblins
  6 jackals
  4 quokkas
  3 ball pythons
  8 bats
  2 frilled lizards
  5 kobolds
  5 rats
80 creatures vanquished.

Notes
Turn   | Place    | Note
-------+----------+-------------------------------------------
     0 | D:1      | qw the Deep Elf Hunter began the quest for the Orb.
     0 | D:1      | Reached XP level 1. HP: 12/12 MP: 3/3
     0 | D:1      | 0 ||| qw: Version: 0.3-a-160-g6735b56
     0 | D:1      | 0 ||| qw: Game counter: 4739
     0 | D:1      | 0 ||| qw: Melee chars always use a shield: true
     0 | D:1      | 0 ||| qw: God list: Okawaru
     0 | D:1      | 0 ||| qw: Allow faded altars: false
     0 | D:1      | 0 ||| qw: Do Orc after clearing Dungeon:15 true
     0 | D:1      | 0 ||| qw: Do second Lair branch before Depths: true
     0 | D:1      | 0 ||| qw: Lair rune preference: random
     0 | D:1      | 0 ||| qw: Goals: Normal
     0 | D:1      | 0 ||| PLANNING D:1-11
    75 | D:1      | Found a large runed translucent door.
    75 | D:1      | Found a large runed translucent door.
    76 | D:1      | Noticed an orc warrior
    77 | D:1      | Noticed an orc priest
   139 | D:1      | Reached XP level 2. HP: 16/16 MP: 4/4
   172 | D:1      | Reached skill level 6 in Ranged Weapons
   444 | D:1      | Reached XP level 3. HP: 10/20 MP: 5/5
   901 | D:1      | 901 ||| UPGRADING to +0 helmet.
   906 | D:1      | 906 ||| READING scroll labelled LAILIQAANI.
   934 | D:1      | 934 ||| READING scroll labelled DEMIGO DOWUE.
  1035 | D:1      | 1035 ||| DROPPING scroll of butterflies.
  1096 | D:2      | 1096 ||| STAIRDANCE
  1231 | D:2      | Reached skill level 7 in Ranged Weapons
  1467 | D:2      | Found an ornate altar of the Wu Jian Council.
  1468 | D:2      | 1468 ||| SWAPPING to +0 arbalest.
  1469 | D:2      | 1469 ||| DROPPING +0 shortbow.
  1607 | D:2      | Reached XP level 4. HP: 19/25 MP: 6/6
  1813 | D:2      | 1813 ||| UPGRADING to +0 ring mail.
  1823 | D:2      | 1823 ||| DROPPING +0 leather armour.
  1824 | D:2      | 1824 ||| READING scroll labelled SORUEBL ISETS.
  1905 | D:3      | Reached skill level 8 in Ranged Weapons
  2028 | D:3      | Found a shimmering blue altar of Sif Muna.
  2136 | D:3      | Found a sparkling altar of Nemelex Xobeh.
  2230 | D:3      | Reached XP level 5. HP: 29/29 MP: 7/7
  2230 | D:3      | Noticed Robin
  2236 | D:3      | Killed Robin
  2422 | D:3      | Found a faded altar of an unknown god.
  2470 | D:3      | Found a radiant altar of Vehumet.
  2479 | D:3      | Noticed Terence
  2483 | D:3      | Killed Terence
  2489 | D:3      | Reached skill level 9 in Ranged Weapons
  2492 | D:3      | HP: 2/29 [orc priest/divine providence (10)]
  2492 | D:3      | Slain by an orc

Levels and vault maps discovered:
D:1:      erik_arrival_cave_to_civilisation [erik_arrival_cave_to_temple],
          layout_loops_ring, amcnicky_mini_pool_small, grunt_decor_fettered,
          minmay_liquid_box, st_stairs_10
D:2:      layout_rooms, basic_altar, minmay_quantized
D:3:      layout_basic, mainiacjoe_overflow_surrounded_room, led_sif_pool,
          nemelex_dance_club_becter, shapermc_ecumenical_altar_mp_vishouse,
          minmay_box_of_dots, uniq_robin, uniq_terence

Skill      XL: |  1  2  3  4  5 |
---------------+----------------+-----
Ranged Weapons | 6 7 8 9 |  9.0
Fighting       | |  1.5
Dodging        | |  2.4
Stealth        | |  1.2

Action                     |  1- 3 |  4- 6 || total
---------------------------+-------+-------++-------
   Fire: Shortbow          |   109 |       ||   109
         Arbalest          |    14 |    68 ||    82
    Use: Scroll            |     2 |     1 ||     3
 Armour: Leather armour    |    39 |       ||    39
         Ring mail         |       |    27 ||    27
  Dodge: Dodged            |    57 |    29 ||    86

Table legend:
 A = Non-vault XP
 B = Vault XP
 C = Vault XP percentage of total XP
 D = Non-vault monster count
 E = Vault monster count
 F = Vault count percentage of total count
                 A         B        C        D         E       F
            +---------+---------+-------+---------+---------+-------
      Total |     177 |      98 |  35.6 |      53 |      27 |  33.8
            +---------+---------+-------+---------+---------+-------
        D:1 |      51 |       8 |  13.6 |      21 |       6 |  22.2
        D:2 |      35 |       8 |  18.6 |      20 |       4 |  16.7
        D:3 |      91 |      82 |  47.4 |      12 |      17 |  58.6
            +---------+---------+-------+---------+---------+-------
